3L
SEATTLE AVIATORS @ D.C. DIVIDED
08/20/2022
 
TOP OF THE 1ST
Seattle Aviators batting - Pitching for D.C. Divided : LHP Leslie Brooks
Pitching: LHP Leslie Brooks
Batting: RHB Kenzaburo Hori 0-0: SINGLE (Line Drive, 78S)
Batting: RHB Tanyu Kimura 0-0: Ball
1-0: Called Strike
1-1: Grounds into double play, 6-4-3 (Groundball, 6)
Batting: LHB Kenny Webster 0-0: Ball
1-0: Ball
2-0: SINGLE (Line Drive, 9S)
Batting: RHB Sean Davis 0-0: Ball
1-0: Ball
2-0: Foul Ball, location: 2F
2-1: Ball
3-1: Base on Balls
Kenny Webster to second
Batting: RHB Clarence Fox 0-0: Called Strike
0-1: Foul Ball, location: 2F
0-2: Ball
1-2: DOUBLE (Flyball, 89D)
Kenny Webster scores
Sean Davis to third
Runner from 3rd tries for Home, SAFE, no throw or cutoff
Batting: RHB Brian Williams 0-0: Foul Ball, location: 2F
0-1: Foul Ball, location: 2F
0-2: Ball
1-2: Strikes out swinging
Top of the 1st over - 2 run(s), 3 hit(s), 0 error(s), 1 left on base; Seattle 2 - D.C. 0
BOTTOM OF THE 1ST
D.C. Divided batting - Pitching for Seattle Aviators : RHP Matt Harris
Pitching: RHP Matt Harris
Batting: LHB Charles Mathes 0-0: Ball
1-0: Ball
2-0: DOUBLE (Flyball, 7LM)
Batting: SHB Eiji Suzuki 0-0: Called Strike
0-1: Ground out 4-3 (Groundball, 4)
Charles Mathes to third
Batting: LHB Mike Gardner 0-0: Ground out 4-3 (Groundball, 4M)
Charles Mathes scores
Batting: LHB Félix Pérez 0-0: Called Strike
0-1: Foul Ball, location: 2F
0-2: Foul Ball, location: 2F
0-2: Strikes out swinging
Bottom of the 1st over - 1 run(s), 1 hit(s), 0 error(s), 0 left on base; Seattle 2 - D.C. 1
TOP OF THE 2ND
Seattle Aviators batting - Pitching for D.C. Divided : LHP Leslie Brooks
Batting: RHB Lindsay Stewart 0-0: Foul Ball, location: 2F
0-1: Foul Ball, location: 2F
0-2: Ball
1-2: Fly out, F9 (Flyball, 89M)
Batting: RHB Vernon Caw 0-0: Ball
1-0: Foul Ball, location: 2F
1-1: Foul Ball, location: 2F
1-2: Ground out 1-3 (Groundball, 13)
Batting: LHB Jorge Mojica 0-0: Ball
1-0: Called Strike
1-1: Called Strike
1-2: Strikes out swinging
Top of the 2nd over - 0 run(s), 0 hit(s), 0 error(s), 0 left on base; Seattle 2 - D.C. 1
BOTTOM OF THE 2ND
D.C. Divided batting - Pitching for Seattle Aviators : RHP Matt Harris
Batting: LHB Brad Elmore 0-0: Swinging Strike
0-1: Ball
1-1: Foul Ball, location: 2F
1-2: Ball
2-2: Ball
3-2: Base on Balls
Batting: RHB Lúcio López 0-0: Foul Ball, location: 2F
0-1: Grounds into double play, 5-4-3 (Groundball, 5)
Batting: LHB Jorge Aicón 0-0: Ball
1-0: Called Strike
1-1: Foul Ball, location: 2F
1-2: Ball
2-2: SINGLE (Groundball, 34D)
Batting: LHB Ramón García 0-0: Called Strike
0-1: Called Strike
0-2: Ball
1-2: Foul Ball, location: 2F
1-2: Ball
2-2: Ball
3-2: Ground out 4-3 (Groundball, 4M)
Bottom of the 2nd over - 0 run(s), 1 hit(s), 0 error(s), 1 left on base; Seattle 2 - D.C. 1
TOP OF THE 3RD
Seattle Aviators batting - Pitching for D.C. Divided : LHP Leslie Brooks
Batting: RHB Kenzaburo Hori 0-0: Ball
1-0: Foul Ball, location: 2F
1-1: Ball
2-1: Ball
3-1: Called Strike
3-2: Base on Balls
Batting: RHB Tanyu Kimura 0-0: Swinging Strike
0-1: Called Strike
0-2: Ball
1-2: Grounds into double play, 6-4-3 (Groundball, 6M)
Batting: LHB Kenny Webster 0-0: Ground out 3-1 (Groundball, 34)
Top of the 3rd over - 0 run(s), 0 hit(s), 0 error(s), 0 left on base; Seattle 2 - D.C. 1
BOTTOM OF THE 3RD
D.C. Divided batting - Pitching for Seattle Aviators : RHP Matt Harris
Batting: RHB Cristo González 0-0: Ball
1-0: Ball
2-0: Called Strike
2-1: Ground out 5-3 (Groundball, 56)
Batting: LHB Charles Mathes 0-0: Ball
1-0: Ground out 4-3 (Groundball, 4)
Batting: SHB Eiji Suzuki 0-0: Swinging Strike
0-1: Ball
1-1: Ball
2-1: Foul Ball, location: 2F
2-2: Foul Ball, location: 2F
2-2: Foul Ball, location: 2F
2-2: Fly out, F8 (Flyball, 8RXD)
Bottom of the 3rd over - 0 run(s), 0 hit(s), 0 error(s), 0 left on base; Seattle 2 - D.C. 1
TOP OF THE 4TH
Seattle Aviators batting - Pitching for D.C. Divided : LHP Leslie Brooks
Batting: RHB Sean Davis 0-0: Called Strike
0-1: Foul Ball, location: 2F
0-2: Foul Ball, location: 2F
0-2: Ball
1-2: Ball
2-2: Strikes out swinging
Batting: RHB Clarence Fox 0-0: Ball
1-0: Called Strike
1-1: Ball
2-1: Foul Ball, location: 2F
2-2: Strikes out swinging
Batting: RHB Brian Williams 0-0: Swinging Strike
0-1: Foul Ball, location: 2F
0-2: Foul Ball, location: 2F
0-2: Ball
1-2: Strikes out swinging
Top of the 4th over - 0 run(s), 0 hit(s), 0 error(s), 0 left on base; Seattle 2 - D.C. 1
BOTTOM OF THE 4TH
D.C. Divided batting - Pitching for Seattle Aviators : RHP Matt Harris
Batting: LHB Mike Gardner 0-0: Ball
1-0: Called Strike
1-1: Swinging Strike
1-2: Foul Ball, location: 2F
1-2: Foul Ball, location: 2F
1-2: Strikes out swinging
Batting: LHB Félix Pérez 0-0: Ball
1-0: Fly out, F7 (Flyball, 7M)
Batting: LHB Brad Elmore 0-0: Called Strike
0-1: Ball
1-1: Ball
2-1: Swinging Strike
2-2: Foul Ball, location: 2F
2-2: Ball
3-2: Ground out 4-3 (Groundball, 4M)
Bottom of the 4th over - 0 run(s), 0 hit(s), 0 error(s), 0 left on base; Seattle 2 - D.C. 1
TOP OF THE 5TH
Seattle Aviators batting - Pitching for D.C. Divided : LHP Leslie Brooks
Batting: RHB Lindsay Stewart 0-0: Ball
1-0: Swinging Strike
1-1: Ground out 6-3 (Groundball, 6M)
Batting: RHB Vernon Caw 0-0: Ball
1-0: Ground out 5-3 (Groundball, 5S)
Batting: LHB Jorge Mojica 0-0: Fly out, F7 (Flyball, 7S)
Top of the 5th over - 0 run(s), 0 hit(s), 0 error(s), 0 left on base; Seattle 2 - D.C. 1
BOTTOM OF THE 5TH
D.C. Divided batting - Pitching for Seattle Aviators : RHP Matt Harris
Batting: RHB Lúcio López 0-0: Swinging Strike
0-1: Called Strike
0-2: Strikes out swinging
Batting: LHB Jorge Aicón 0-0: Ball
1-0: Swinging Strike
1-1: Foul Ball, location: 2F
1-2: Strikes out swinging
Batting: LHB Ramón García 0-0: Ball
1-0: Ball
2-0: Ball
3-0: Base on Balls
Batting: RHB Cristo González 0-0: Ball
1-0: Fly out, F8 (Flyball, 8RM)
Bottom of the 5th over - 0 run(s), 0 hit(s), 0 error(s), 1 left on base; Seattle 2 - D.C. 1
TOP OF THE 6TH
Seattle Aviators batting - Pitching for D.C. Divided : LHP Leslie Brooks
Batting: RHB Kenzaburo Hori 0-0: Ball
1-0: Ball
2-0: Ground out 5-3 (Groundball, 5S)
Batting: RHB Tanyu Kimura 0-0: Called Strike
0-1: DOUBLE (Flyball, 78D)
Batting: LHB Kenny Webster 0-0: Ball
1-0: Ball
2-0: Swinging Strike
2-1: Ball
3-1: Called Strike
3-2: Foul Ball, location: 2F
3-2: Base on Balls
Batting: RHB Sean Davis 0-0: Ball
Wild Pitch!
Tanyu Kimura to third
Kenny Webster to second
1-0: Ball
2-0: Foul Ball, location: 2F
2-1: Ball
3-1: Swinging Strike
3-2: Base on Balls
Batting: RHB Clarence Fox 0-0: Swinging Strike
0-1: Ball
1-1: Ball
2-1: Foul Ball, location: 2F
2-2: Foul Ball, location: 2F
2-2: SINGLE (Line Drive, 34)
Tanyu Kimura scores
Kenny Webster to third
Sean Davis to second
Runner from 3rd tries for Home, SAFE, throw made home
Sean Davis to third
Clarence Fox to second
Batting: RHB Brian Williams 0-0: Intentional Walk
Batting: RHB Lindsay Stewart 0-0: Foul Ball, location: 2F
0-1: Grounds into double play, 6-4-3 (Groundball, 6)
Top of the 6th over - 2 run(s), 2 hit(s), 0 error(s), 2 left on base; Seattle 4 - D.C. 1
BOTTOM OF THE 6TH
D.C. Divided batting - Pitching for Seattle Aviators : RHP Matt Harris
Batting: LHB Charles Mathes 0-0: Called Strike
0-1: Ground out U3 (Groundball, 3S)
Batting: SHB Eiji Suzuki 0-0: Swinging Strike
0-1: Swinging Strike
0-2: Foul Ball, location: 2F
0-2: Ball
1-2: SINGLE (Flyball, 89S)
Batting: LHB Mike Gardner 0-0: Called Strike
0-1: Fielders Choice at 2nd, 4-6 (Groundball, 4)
Batting: LHB Félix Pérez 0-0: Called Strike
0-1: Ball
1-1: Foul Ball, location: 2F
1-2: Ball
2-2: Strikes out swinging
Bottom of the 6th over - 0 run(s), 1 hit(s), 0 error(s), 1 left on base; Seattle 4 - D.C. 1
TOP OF THE 7TH
Seattle Aviators batting - Pitching for D.C. Divided : LHP Leslie Brooks
Batting: RHB Vernon Caw 0-0: Ball
1-0: Foul Ball, location: 2F
1-1: Ball
2-1: Called Strike
2-2: Ball
3-2: Ground out U3 (Groundball, 3S)
Batting: LHB Jorge Mojica 0-0: Ball
1-0: Swinging Strike
1-1: Foul Ball, location: 2F
1-2: Ball
2-2: Ball
3-2: Foul Ball, location: 2F
3-2: Strikes out swinging
Batting: RHB Kenzaburo Hori 0-0: Called Strike
0-1: Foul Ball, location: 2F
0-2: Fly out, F5 (Line Drive, 56)
Top of the 7th over - 0 run(s), 0 hit(s), 0 error(s), 0 left on base; Seattle 4 - D.C. 1
BOTTOM OF THE 7TH
D.C. Divided batting - Pitching for Seattle Aviators : RHP Matt Harris
Batting: LHB Brad Elmore 0-0: Called Strike
0-1: DOUBLE (Line Drive, 5L)
Pitching: LHP Dalton García
Batting: RHB Lúcio López 0-0: Ball
1-0: Ball
2-0: Called Strike
2-1: Swinging Strike
2-2: Foul Ball, location: 2F
2-2: Strikes out swinging
Batting: LHB Jorge Aicón 0-0: Ball
1-0: Called Strike
1-1: Called Strike
1-2: Foul Ball, location: 2F
1-2: Strikes out looking
Batting: LHB Ramón García 0-0: Called Strike
0-1: Ball
1-1: DOUBLE (Flyball, 9LM)
Brad Elmore scores
Batting: RHB Cristo González 0-0: Called Strike
0-1: Ground out 6-3 (Groundball, 6)
Bottom of the 7th over - 1 run(s), 2 hit(s), 0 error(s), 1 left on base; Seattle 4 - D.C. 2
TOP OF THE 8TH
Seattle Aviators batting - Pitching for D.C. Divided : LHP Leslie Brooks
Pitching: LHP Domingo Posadas
Batting: RHB Tanyu Kimura 0-0: Foul Ball, location: 2F
0-1: Ball
1-1: Ball
2-1: Swinging Strike
2-2: Foul Ball, location: 2F
2-2: Foul Ball, location: 2F
2-2: Ball
3-2: Base on Balls
Batting: LHB Kenny Webster 0-0: Ball
1-0: Foul Ball, location: 2F
1-1: Foul Ball, location: 2F
1-2: Ball
2-2: Fly out, F6 (Line Drive, 6)
Batting: RHB Sean Davis 0-0: Called Strike
0-1: Ball
1-1: Ball
2-1: Foul Ball, location: 2F
2-2: Foul Ball, location: 2F
2-2: Strikes out swinging
Batting: RHB Clarence Fox 0-0: Ball
1-0: Ball
2-0: Swinging Strike
2-1: Foul Ball, location: 2F
2-2: Foul Ball, location: 2F
2-2: Foul Ball, location: 2F
2-2: Strikes out looking
Top of the 8th over - 0 run(s), 0 hit(s), 0 error(s), 1 left on base; Seattle 4 - D.C. 2
BOTTOM OF THE 8TH
D.C. Divided batting - Pitching for Seattle Aviators : LHP Dalton García
Batting: LHB Charles Mathes 0-0: Ball
1-0: Ground out U3 (Groundball, 3L)
Batting: SHB Eiji Suzuki 0-0: Ball
1-0: Called Strike
1-1: Foul Ball, location: 2F
1-2: Foul Ball, location: 2F
1-2: Ball
2-2: Ball
3-2: Fly out, F9 (Flyball, 89S)
Batting: LHB Mike Gardner 0-0: Ball
1-0: Called Strike
1-1: Called Strike
1-2: Foul Ball, location: 2F
1-2: SINGLE (Line Drive, 8LS)
Batting: LHB Félix Pérez 0-0: Ball
1-0: Ball
2-0: Ball
3-0: Called Strike
3-1: Ground out 1-3 (Groundball, 15S)
Bottom of the 8th over - 0 run(s), 1 hit(s), 0 error(s), 1 left on base; Seattle 4 - D.C. 2
TOP OF THE 9TH
Seattle Aviators batting - Pitching for D.C. Divided : LHP Domingo Posadas
Pitching: RHP Gabriel Hidalgo
Batting: RHB Brian Williams 0-0: Swinging Strike
0-1: Ball
1-1: Ball
2-1: Ball
3-1: SINGLE (Groundball, 56D)
Batting: RHB Lindsay Stewart 0-0: Ball
1-0: Bunted foul
1-1: Ball
2-1: Bunt missed!
2-2: Strikes out swinging
Batting: RHB Vernon Caw 0-0: Ball
1-0: Fly out, F8 (Flyball, 8LD)
Batting: LHB Jorge Mojica 0-0: Ball
1-0: Ball
2-0: Foul Ball, location: 2F
2-1: Called Strike
2-2: Foul Ball, location: 2F
2-2: Strikes out looking
Top of the 9th over - 0 run(s), 1 hit(s), 0 error(s), 1 left on base; Seattle 4 - D.C. 2
BOTTOM OF THE 9TH
D.C. Divided batting - Pitching for Seattle Aviators : LHP Dalton García
Pitching: RHP Ken Hinkle
Now at 3B: Tynan Hawkins
Batting: LHB Brad Elmore 0-0: Foul Ball, location: 2F
0-1: Foul Ball, location: 2F
0-2: Foul Ball, location: 2F
0-2: Ball
1-2: Ground out 4-3 (Groundball, 4M)
Batting: RHB Lúcio López 0-0: Called Strike
0-1: Called Strike
0-2: Strikes out swinging
Batting: LHB Jorge Aicón 0-0: Ball
1-0: Foul Ball, location: 2F
1-1: Ball
2-1: Called Strike
2-2: Ball
3-2: Ground out 4-3 (Groundball, 4M)
Bottom of the 9th over - 0 run(s), 0 hit(s), 0 error(s), 0 left on base; Seattle 4 - D.C. 2
This league is powered by Out of the Park Baseball, the baseball management simulation game for PC, Mac and Linux
Friday, April 15th, 2016 - OOTP Baseball 16.9 Build 39